Map: Prion Terraces

Players

IIIIIIIIIIII

  • Race: Terran Terran
  • League: Master

Tang - Winner!

  • Race: Zerg Zerg
  • League: Master

VOD

http://www.twitch.tv/tangsc/v/32638625

Description

An aggresive muta,ling, bane build by TangSC

Time

  • Played on: Dec. 24, 2015, 2:41 p.m.
  • Length: 10:28
Show
View Real Time Build Order
Export as new Build Order

IIIIIIIIIIII Terran 

Build Orders: Hellion Opening, Reaper Expand, MMM Bio 

Get SALT Encoding   

  12  0:00  SCV  
  13  0:13  SCV  
  14  0:17  Supply Depot  
  14  0:25  SCV  
  14  0:27  Refinery  
  15  0:40  Barracks  
  15  0:45  SCV  
  17  0:57  SCV  
  17  1:17  SCV  
  18  1:27  Reaper  
  18  1:29  Orbital Command  
  19  1:43  Command Center  
  19  1:54  Factory  
  19  2:02  SCV  
  19  2:05  Barracks Reactor  
  20  2:13  Supply Depot  
  20  2:14  SCV  
  21  2:30  SCV  
  22  2:44  Barracks  
  22  2:49  Starport  
  26  2:51  Hellion x2  
  26  2:52  SCV  
  26  2:57  Orbital Command  
  27  3:03  Barracks Tech Lab  
  27  3:05  SCV  
  30  3:12  Hellion  
  30  3:14  Hellion  
  33  3:20  SCV  
  33  3:25  Refinery  
  33  3:32  Medivac  
  33  3:33  Marine x2  
  37  3:38  Hellion  
  37  3:39  Hellion  
  37  3:41  SCV  
  42  3:43  SCV  
  43  3:52  Marine x2  
  43  3:53  SCV  
  46  4:07  Supply Depot  
  46  4:08  Supply Depot  
  46  4:13  Supply Depot  
  46  4:29  SCV x2  
  48  4:41  SCV x2  
  50  4:53  SCV  
  50  4:55  Hellion x2, Marine x2  
  50  4:56  Stimpack  
  50  4:59  Barracks  
  53  5:00  Command Center  
  50  5:09  SCV  
  50  5:11  Refinery x2  
  51  5:17  SCV  
  52  5:23  SCV  
  52  5:28  Marine x2  
  53  5:29  Starport Reactor  
  53  5:33  Barracks x2  
  55  5:41  SCV  
  48  5:50  Supply Depot x2  
  48  5:51  SCV  
  48  5:54  Barracks Reactor  
  48  5:57  SCV, Supply Depot  
  50  6:02  Marine  
  50  6:03  SCV  
  52  6:08  Medivac x2  
  52  6:11  SCV  
  57  6:13  Engineering Bay  
  57  6:14  Orbital Command  
  57  6:17  SCV  
  58  6:20  Marine  
  58  6:22  Marine x2  
  58  6:23  SCV  
  58  6:24  Barracks Reactor, Barracks Tech Lab  
  62  6:27  Factory Tech Lab  
  62  6:32  Marine x2  
  62  6:33  SCV  
  62  6:35  SCV  
  62  6:38  Marine  
  62  6:39  Missile Turret  
  67  6:40  Marine x2  
  67  6:42  Orbital Command  
  67  6:43  Missile Turret x2  
  67  6:45  Missile Turret  
  69  6:48  Marine  
  69  6:50  Marine x2  
  69  6:57  Marine  
  69  6:58  Marine  
  64  7:04  SCV x2  
  64  7:06  Missile Turret  
  64  7:07  Marine  
  64  7:08  Marine  
  67  7:09  Missile Turret, Marine  
  67  7:12  Orbital Command  
  59  7:26  SCV x2  
  59  7:27  Marine x5  
  59  7:28  Medivac x2  
  70  7:31  Combat Shields  
  65  7:53  Siege Tank, Marine  
  65  7:54  Marine x7  
  65  7:57  SCV x2  
  78  8:02  SCV  
  78  8:04  Terran Infantry Weapons Level 1  
  79  8:11  Missile Turret, Marine  
  79  8:12  Marine  
  81  8:13  Marine x6  
  87  8:29  Marine  
  87  8:30  Siege Tank  
  87  8:32  SCV x2  
  93  8:48  SCV x2  
  95  8:49  SCV  
  95  8:54  Marine x4  
  95  8:55  Marine x2  
  102  8:56  Factory, Medivac  
  102  8:57  Medivac  
  102  9:00  SCV  
  107  9:06  Supply Depot  
  107  9:08  Supply Depot x2  
  107  9:18  SCV  
  107  9:20  Marine  
  107  9:22  Missile Turret  
  109  9:27  Siege Tank, Marine x5  
  109  9:29  Marine  
  118  9:32  SCV  
  118  9:37  Marine  
  120  9:40  SCV x2  
  120  9:42  Command Center  
  120  9:44  SCV  
  122  9:52  SCV x2  
Show
View Real Time Build Order
Export as new Build Order

Tang Zerg - Winner!

Build Orders: Hatch First, Muta Ling Bane 

Get SALT Encoding   

  12  0:01  Drone  
  13  0:12  Overlord  
  13  0:17  Drone  
  14  0:30  Drone x2  
  14  0:34  Drone  
  17  0:51  Hatchery  
  17  0:54  Drone  
  18  0:57  Drone  
  18  1:10  Spawning Pool  
  17  1:12  Extractor  
  17  1:15  Drone  
  17  1:18  Drone  
  18  1:28  Drone  
  19  1:38  Overlord  
  19  1:57  Queen  
  19  1:58  Zergling x2  
  19  2:00  Zergling x2  
  23  2:03  Queen  
  23  2:04  Zergling x2  
  26  2:11  Drone  
  26  2:14  Drone  
  28  2:15  Metabolic Boost  
  28  2:21  Drone  
  29  2:31  Drone  
  29  2:32  Drone  
  31  2:38  Drone  
  31  2:40  Queen  
  31  2:42  Overlord  
  34  2:52  Overlord  
  34  2:54  Lair  
  34  2:55  Drone  
  34  2:58  Drone  
  36  3:11  Extractor  
  35  3:13  Drone x3  
  35  3:14  Drone x3  
  35  3:16  Drone  
  43  3:20  Drone  
  43  3:26  Spine Crawler  
  42  3:30  Drone x2  
  44  3:35  Extractor  
  44  3:36  Extractor  
  44  3:41  Drone x5  
  43  3:44  Drone  
  43  3:45  Drone  
  49  3:49  Drone x2  
  49  3:51  Drone  
  52  4:01  Spire  
  51  4:07  Overlord  
  51  4:08  Overlord  
  51  4:12  Drone  
  52  4:25  Drone  
  52  4:26  Drone x6  
  55  5:04  Drone x9  
  59  5:15  Drone x4  
  63  5:26  Overlord  
  63  5:27  Overlord x2  
  63  5:33  Mutalisk  
  63  5:35  Hatchery  
  62  5:55  Mutalisk x2  
  62  5:56  Mutalisk x6  
  78  5:59  Mutalisk  
  80  6:13  Drone  
  80  6:15  Drone  
  82  6:20  Drone x3  
  85  6:27  Overlord  
  85  6:28  Overlord x2  
  85  6:30  Drone  
  86  6:41  Evolution Chamber  
  86  6:43  Evolution Chamber, Baneling Nest  
  83  6:47  Hatchery  
  82  7:04  Zergling x2  
  82  7:05  Zergling x16  
  87  7:14  Zergling x10  
  91  7:16  Zerg Ground Armor Level 1, Zerg Melee Weapons Level 1  
  89  7:24  Zergling x4  
  89  7:25  Zergling x4  
  93  7:41  Zergling x14  
  96  7:56  Zergling x4  
  96  7:57  Zergling x14  
  96  7:58  Centrifical Hooks  
  105  8:00  Baneling  
  105  8:01  Baneling x18  
  105  8:02  Baneling x13  
  105  8:03  Baneling x2  
  105  8:04  Baneling x6  
  105  8:05  Zergling x6  
  108  8:10  Zergling x6  
  108  8:12  Zergling x2  
  112  8:13  Baneling x2  
  112  8:14  Zergling x4, Baneling x5  
  114  8:22  Zergling x2  
  114  8:23  Zergling x12  
  121  8:27  Zergling x2  
  121  8:32  Drone x3  
  125  8:42  Drone  
  125  8:43  Drone x2  
  125  8:44  Overlord x2  
  125  8:45  Overlord x3  
  128  9:02  Queen  
  130  9:05  Extractor  
  130  9:06  Drone x3, Extractor  
  131  9:10  Zergling x2  
  131  9:11  Zergling x26  
  131  9:15  Extractor  
  143  9:18  Extractor  
  143  9:21  Overseer x2  
  143  9:23  Baneling  
  142  9:24  Baneling x22  
  142  9:25  Baneling x4  
  142  9:27  Zergling x8  
  142  9:28  Zergling x2  
  147  9:33  Overseer, Zergling x2  
  147  9:34  Zergling x8  
  151  9:50  Zergling x24  
  129  10:00  Zergling x4  
Tags
 
Add a new tag
Caveats
  • Supply blocks, unpowered buildings, or Contaminate may cause inaccurate times.
  • Supply counts are checked every 10 seconds.